 Dungeon Crawl Stone Soup version 0.24.0-1-gfbc8707122 (webtiles) character file.

Game seed: 13270521744445773780, levelgen mode: deterministic

273 iamserjio the Vandal (level 6, -1/39 HPs)
             Began as a Halfling Fire Elementalist on Oct 26, 2019.
             Was a Follower of Uskayaw.
             Slain by an ogre
             ... wielding a +0 giant club
              (17 damage)
             ... on level 4 of the Dungeon.
             The game lasted 00:09:54 (5661 turns).

iamserjio the Vandal (Halfling Fire Elementalist)   Turns: 5661, Time: 00:09:54

Health: -1/39      AC:  8    Str: 11    XL:     6   Next: 48%
Magic:  9/9        EV: 13    Int: 13    God:    Uskayaw [*.....]
Gold:   229        SH:  0    Dex: 15    Spells: 8/9 levels left

rFire    . . .     SeeInvis .   d - +0 short sword (venom)
rCold    . . .     Gourm    .   (shield restricted)
rNeg     . . .     Faith    .   j - +1 ring mail (curse)
rPois    .         Spirit   .   b - +0 helmet
rElec    .         Reflect  .   (no cloak)
rCorr    .         Harm     .   s - +0 pair of gloves (curse)
MR       .....                  (no boots)
Stlth    +.........             (no amulet)
HPRegen  0.13/turn              (no ring)
MPRegen  0.11/turn              (no ring)

@: no status effects
A: small, mutation resistance 1
a: Stomp, Renounce Religion


You were on level 4 of the Dungeon.
You worshipped Uskayaw.
Uskayaw was noncommittal.
You were not hungry.

You visited 2 branches of the dungeon, and saw 5 of its levels.
You also visited: Ossuary.

You collected 229 gold pieces.

Inventory:

Hand Weapons
 d - a +0 short sword of venom (weapon)
 g - a +0 dagger
 h - a +0 hunting sling
 l - a +0 club
Missiles
 m - 98 stones (quivered)
 q - 20 sling bullets
Armour
 a - a +0 robe
 b - a +0 helmet (worn)
 e - a +0 ring mail
 j - a cursed +1 ring mail (worn)
 s - a cursed +0 pair of gloves (worn)
Scrolls
 f - 2 scrolls of amnesia
 i - 3 scrolls of magic mapping {unknown}
 t - 2 scrolls of teleportation {unknown}
 u - a scroll of noise {unknown}
 w - a scroll of enchant weapon {unknown}
 y - a scroll of remove curse {unknown}
Potions
 o - a potion of magic
 p - 2 potions of degeneration
 r - a potion of resistance {unknown}
 v - 2 potions of berserk rage {unknown}
 x - 2 potions of invisibility {unknown}
 z - 2 potions of curing {@q1}
 A - a potion of might
Comestibles
 c - 9 rations


   Skills:
 + Level 1.7 Fighting
 * Level 3.6 Short Blades
 - Level 4.0 Slings
 + Level 1.6 Armour
 - Level 2.1 Dodging
 - Level 2.1 Stealth
 - Level 2.0 Spellcasting
 - Level 1.0 Conjurations
 - Level 3.4 Fire Magic
 + Level 1.2 Invocations


You had 8 spell levels left.
You knew the following spells:

 Your Spells              Type           Power        Failure   Level  Hunger
a - Flame Tongue          Conj/Fire      #....        24%         1    ##.....

Your spell library contained the following spells:

 Spells                   Type           Power        Failure   Level  Hunger
 Throw Flame              Conj/Fire      #.....       36%         2    ###....
 Conjure Flame            Conj/Fire      #.......     58%         3    ####...
 Inner Flame              Hex/Fire       #.......     65%         3    ####...
 Sticky Flame             Conj/Fire      #.......     94%         4    #####..
 Fireball                 Conj/Fire      #.........   100%        5    ######.


Dungeon Overview and Level Annotations

Branches:
Dungeon (4/15)             Temple (1/1) D:4         Ossuary (visited)

Altars:
Ashenzari
Elyvilon
Gozag
Hepliaklqana
Kikubaaqudgha
Makhleb
Okawaru
Qazlal
Ru
Sif Muna
Uskayaw
Wu Jian
Xom
Yredelemnul
Zin
The Shining One


Innate Abilities, Weirdness & Mutations

You are small and have problems with some larger weapons.
You are somewhat resistant to further mutation.


Message History

No target in view!
No target in view!
No target in view!
No target in view!
No target in view!
No target in view!
No target in view!
An ogre comes into view. It is wielding a +0 giant club.
An ogre is nearby!
An ogre is nearby!
The ogre shouts!
You hit the ogre. The ogre closely misses you.
You barely miss the ogre. The ogre hits you with a +0 giant club!
You see here a leopard gecko corpse.
You hit the ogre. The ogre hits you with a +0 giant club!
* * * LOW HITPOINT WARNING * * *
A worker ant comes into view.
The worker ant twitches its antennae in your direction.
The ogre hits you with a +0 giant club!
You die...

## #.........# # ##
#####..##.#[#
####......##.#. '....###
..... ####...# #(#######
## ###.#####$......# ##
#.......### #.#
####......###.# ## .
#.##.#..@O.# #.###.#
......#..##a### ##.#...
###.##.#.......# #.....
#.##.....###.###.#.#
#........# #.......#
#######..###.###.####.#
#####.........8........#
#...†.##...............#
#...†..##...8...8...<.##


You could see an ogre and a worker ant.

Vanquished Creatures
  A howler monkey (D:4)
  A crimson imp (D:4)
  An orc priest (D:3)
  A hound zombie (Ossuary)
  A mummy (Ossuary)
  Robin (D:2)
  4 adders (D:2)
  2 worms (D:2)
  A dart slug (D:3)
  5 leopard geckos
  9 orcs
  5 giant cockroaches
  13 goblins
  8 hobgoblins
  A ball python (D:2)
  9 bats
  2 frilled lizards (D:2)
  2 hobgoblin zombies (Ossuary)
  7 kobolds
  A kobold zombie (Ossuary)
  An orc zombie (Ossuary)
  6 rats
  A rat zombie (Ossuary)
83 creatures vanquished.

Notes
Turn   | Place    | Note
-------+----------+-------------------------------------------
     0 | D:1      | iamserjio the Halfling Fire Elementalist began the quest
                  | for the Orb.
     0 | D:1      | Reached XP level 1. HP: 11/11 MP: 3/3
   185 | D:1      | Reached skill level 1 in Conjurations
   332 | D:1      | Reached XP level 2. HP: 17/17 MP: 2/4
   975 | D:1      | Reached skill level 1 in Slings
   975 | D:1      | Reached XP level 3. HP: 21/21 MP: 4/6
  1466 | D:2      | Found a stormy altar of Qazlal.
  1475 | D:2      | Reached skill level 2 in Slings
  1496 | D:2      | Found a basalt altar of Yredelemnul.
  1496 | D:2      | Found an ornate altar of the Wu Jian Council.
  1497 | D:2      | Found a hazy altar of Hepliaklqana.
  2133 | D:2      | Reached skill level 3 in Slings
  2165 | D:2      | Reached XP level 4. HP: 12/27 MP: 0/7
  2420 | D:2      | Noticed Robin
  2863 | D:2      | Killed Robin
  3143 | D:2      | Reached skill level 4 in Slings
  3390 | D:2      | Reached skill level 1 in Short Blades
  3618 | D:2      | Reached XP level 5. HP: 3/32 MP: 8/8
  4206 | D:3      | Found an ancient bone altar of Kikubaaqudgha.
  4312 | D:3      | Reached skill level 1 in Fighting
  4883 | D:4      | Found a staircase to the Ecumenical Temple.
  4888 | Temple   | Entered the Ecumenical Temple
  4912 | Temple   | Became a worshipper of Uskayaw the Reveler
  4984 | D:4      | Reached skill level 1 in Armour
  4984 | D:4      | Reached * piety under Uskayaw
  4996 | D:4      | Reached XP level 6. HP: 28/38 MP: 9/9
  4996 | D:4      | Reached ** piety under Uskayaw
  5106 | D:4      | Found a sand-covered staircase.
  5114 | Ossuary  | Entered an ossuary
  5210 | Ossuary  | Reached skill level 1 in Invocations
  5527 | D:4      | Noticed an ogre
  5547 | D:4      | HP: 1/39 [ogre/+0 giant club (17)]
  5661 | D:4      | Slain by an ogre

Levels and vault maps discovered:
D:1:      dpeg_arrival_rooms_a, layout_loops_ring
D:2:      layout_loops_cross, chequers_temple_overflow_statue_of_worship,
          serial_rivers, chequers_serial_rivers_micro_a,
          chequers_serial_rivers_room_b, chequers_serial_rivers_micro_b,
          chequers_serial_rivers_small_b, uniq_robin
D:3:      layout_rooms, lemuel_round_altar
D:4:      minmay_razor_zed, layout_loops_cross, kennysheep_mini,
          nemelex_xobeh_ov_fountains_minmay, temple_doors_cd,
          nicolae_ossuary_entry_monument, first_ration, minmay_cupped
Temple:   minmay_temple_bridge_abc

Skill      XL: |  1  2  3  4  5  6 |
---------------+-------------------+-----
Conjurations   | 1 |  1.0
Spellcasting   | 2 |  2.0
Slings         | 1 3 4 |  4.0
Short Blades   | 1 3 |  3.6
Fighting       | 1 |  1.7
Armour         | 1 |  1.6
Invocations    | 1 |  1.2
Dodging        | |  2.1
Stealth        | |  2.1
Fire Magic     | |  3.4

Action                   |  1- 3 |  4- 6 || total
-------------------------+-------+-------++-------
Melee: Unarmed           |    21 |       ||    21
       Club              |    50 |       ||    50
       Dagger            |    39 |     3 ||    42
       Short sword       |       |   186 ||   186
 Fire: Hunting sling     |       |    24 ||    24
 Cast: Flame Tongue      |    55 |     4 ||    59
Invok: Stomp             |       |     3 ||     3
  Use: Scroll            |       |     8 ||     8
       Potion            |       |     7 ||     7
 Stab: Sleeping          |     1 |     1 ||     2
  Eat: Chunk             |     5 |     6 ||    11
       Ration            |       |     2 ||     2
Armor: Robe              |    25 |     1 ||    26
       Ring mail         |       |    79 ||    79
Dodge: Dodged            |   128 |   185 ||   313
